 Dungeon Crawl Stone Soup version 0.19.1-1-g22dce08 (webtiles) character file.

8556 esteth the Grappler (level 11, -4/109 HPs)
             Began as a Troll Monk on Jan 7, 2017.
             Slain by a wraith (8 damage)
             ... led by Josephine
             ... on level 9 of the Dungeon.
             The game lasted 00:40:21 (8463 turns).

esteth the Grappler (Troll Monk)                    Turns: 8463, Time: 00:40:22

Health: -4/109     AC:  8    Str: 29    XL:     11   Next: 11%
Magic:  0/10       EV: 12    Int:  6    God:
Gold:   535        SH:  0    Dex: 12    Spells: 1 memorised, 4 levels left

rFire  + . .     SeeInvis .       - Unarmed
rCold  . . .     Gourm    +     a - +0 robe
rNeg   . . .     Faith    .     (no shield)
rPois  +         Spirit   +     (helmet restricted)
rElec  .         Reflect  .     f - +2 cloak
rCorr  .         Harm     .     (gloves unavailable)
MR     .....                    (boots unavailable)
Stlth  +.........               e - amulet of guardian spirit
                                B - ring of protection from fire
                                t - +5 ring of strength

@: about to teleport, very slightly contaminated, slowed, heavily drained,
invisible, very slow
A: unfitting armour, claws 3, hooves 1, fast metabolism 3, gourmand, poison
resistance, regeneration 1, shaggy fur 1, tough skin 2
a: no special abilities


You were on level 9 of the Dungeon.
You were completely stuffed.

You visited 2 branches of the dungeon, and saw 11 of its levels.

You collected 535 gold pieces.

Inventory:

Missiles
 H - 3 large rocks (quivered)
Armour
 a - a +0 robe (worn)
 f - a +2 cloak (worn)
 I - a +0 large shield
Jewellery
 e - an amulet of guardian spirit (around neck)
 l - a +3 ring of protection {unknown}
 t - a +5 ring of strength (left claw)
 v - an uncursed ring of fire
 z - an uncursed amulet of harm
 B - a ring of protection from fire (right claw)
Wands
 j - a wand of digging (21/24)
 q - a wand of flame (16/48)
 w - a wand of digging (19/24)
 x - a wand of random effects (21/48)
 E - a wand of lightning (10/15)
 J - a wand of confusion (19/48)
 K - a wand of confusion (22/48)
Scrolls
 d - a scroll of immolation {unknown}
 k - 2 scrolls of identify
 m - a scroll of noise {unknown}
 n - a scroll of recharging
 o - a scroll of enchant weapon
 p - a scroll of magic mapping
 s - 3 scrolls of remove curse
 C - a scroll of fear {unknown}
 F - a scroll of summoning {unknown}
Potions
 i - 2 potions of degeneration
 r - a potion of mutation
 u - a potion of invisibility
 A - a potion of cure mutation
Books
 G - a book of Air

   Spells                             Type                      Level
   a - Shock                          Conjuration/Air              1
   b - Swiftness                      Charms/Air                   2
   c - Repel Missiles                 Charms/Air                   2
   d - Static Discharge               Conjuration/Air              3
   e - Lightning Bolt                 Conjuration/Air              5
 L - a book of Transfigurations

   Spells                             Type                      Level
   a - Irradiate                      Conjuration/Transmutation    5
   b - Statue Form                    Transmutation/Earth          6
   c - Hydra Form                     Transmutation                6
   d - Dragon Form                    Transmutation                7
Comestibles
 b - 10 bread rations {@e1}
 g - 6 fruits
 h - 4 meat rations {@e2}
 D - a slice of pizza
 M - a beef jerky
 N - 3 chunks of flesh {@w0}


   Skills:
 - Level 7.5(5.6) Fighting
 - Level 7.5(5.5) Dodging
 - Level 1.0(0.0) Stealth
 + Level 12.0(9.8) Unarmed Combat
 + Level 3.6(1.8) Earth Magic


You had 4 spell levels left.
You knew the following spells:

 Your Spells              Type           Power        Failure   Level  Hunger
a - Statue Form           Tmut/Erth      #........    100%        6    #######


Dungeon Overview and Level Annotations

Branches:
Dungeon (10/15)            Temple (1/1) D:4
   Lair: D:8-11         Orc: D:9-12

Altars:
Ashenzari
Cheibriados
Dithmenos
Elyvilon
Fedhas
Gozag
Hepliaklqana
Kikubaaqudgha
Makhleb
Nemelex Xobeh
Okawaru
Qazlal
Ru
Sif Muna
Trog
Uskayaw
Vehumet
Xom
Yredelemnul
Zin
The Shining One

Shops:
D:7 :

Annotations:
D:9 Josephine


Innate Abilities, Weirdness & Mutations

You are too large for most types of armour.
You have claws for hands.
Your metabolism is lightning-fast.
You like to eat raw meat.
Your natural rate of healing is unusually fast.
You are covered in fur. (AC +1)
You have very tough skin. (AC +2)
You have large cloven feet.
Your system is resistant to poisons. (rPois)


Message History

Josephine casts a spell at the wraith.
The ghostly flame explodes!
The ghostly fireball engulfs the wraith.
The wraith completely resists.
The ghostly fireball engulfs Josephine.
Josephine completely resists.
The ghostly fireball engulfs you!
You feel drained.
* * * LOW HITPOINT WARNING * * *
The wraith hits you!
* * * LOW HITPOINT WARNING * * *
You are very lightly contaminated with residual magic.
As you read the scroll of teleportation, it crumbles to dust.
You feel strangely unstable. Josephine completely misses you.
The wraith hits you.
* * * LOW HITPOINT WARNING * * *
The wraith drains your vigour!
You feel as though you will be slow longer.
Josephine barely misses you.
You barely miss the wraith. You kick the wraith, but do no damage.
The wraith hits you!
You die...

######
#....#####################
#....'..[................#
#....##################.##
###'## #.# #.###### #.#
####).....######## #.#
..[.).....'...[@@# #.#
####[.....######W# #.#
#......# #.# #.# #......#
#.# #.# #.####.# #.# #.# #
#.# #.# #.# #.# ## #.# #|#
#.# #.# .# #.# #.# #.# #.#
.# #.####.######.# #รท#


You could see Josephine and a wraith.

Vanquished Creatures
  The ghost of theAP the Thaumaturge, a novice DECj of Vehumet (D:10)
  A cyclops (D:8)
  Maurice (D:10)
  A troll (D:9)
  Prince Ribbit (D:6)
  A hornet (D:9)
  2 hippogriffs
  A spriggan (D:7)
  2 wraiths (D:9)
  A vampire (D:9)
  Eustachio (D:5)
  3 hungry ghosts
  A water moccasin (D:7)
  5 sky beasts
  An ice beast (D:6)
  3 phantoms
  5 orc warriors
  3 black bears
  6 ogres
  3 centaurs
  A crocodile (D:8)
  2 big kobolds
  5 bullfrogs
  A wyvern skeleton (D:8)
  9 killer bees (D:7)
  2 scorpions
  A howler monkey (D:7)
  4 crimson imps
  A bullfrog zombie (D:9)
  5 hounds
  7 orc priests
  A centaur skeleton (D:6)
  A bullfrog skeleton (D:8)
  3 iguanas
  9 worker ants
  Natasha (thrice) (D:2 D:3)
  13 orc wizards
  2 hound zombies
  2 worker ant zombies
  7 gnolls
  14 adders
  A shadow imp (D:6)
  2 oozes
  An adder skeleton (D:8)
  3 worms
  2 dart slugs
  39 orcs
  2 ball pythons
  7 giant cockroaches
  6 goblins
  16 hobgoblins
  13 jackals
  17 kobolds
  6 quokkas
  11 bats
  2 frilled lizards (D:2)
  A leopard gecko skeleton (D:6)
  2 quokka skeletons
  12 rats
279 creatures vanquished.

Notes
Turn   | Place    | Note
-------+----------+-------------------------------------------
     0 | D:1      | esteth the Troll Monk began the quest for the Orb.
     0 | D:1      | Reached XP level 1. HP: 22/22 MP: 0/0
   240 | D:1      | Reached XP level 2. HP: 29/29 MP: 1/1
   380 | D:1      | Found an iron altar of Okawaru.
   516 | D:1      | Reached skill level 4 in Unarmed Combat
   940 | D:1      | Reached XP level 3. HP: 28/36 MP: 2/2
  1123 | D:2      | Found a stormy altar of Qazlal.
  1123 | D:2      | Found a shimmering altar of Xom.
  1142 | D:2      | Noticed Natasha
  1143 | D:2      | Killed Natasha
  1216 | D:2      | Reached skill level 5 in Unarmed Combat
  1216 | D:2      | Reached XP level 4. HP: 44/44 MP: 3/3
  1437 | D:2      | Found a blossoming altar of Fedhas.
  1803 | D:3      | Noticed Natasha
  1812 | D:3      | Killed Natasha
  1812 | D:3      | Reached XP level 5. HP: 45/50 MP: 4/4
  1851 | D:3      | Found a glowing golden altar of the Shining One.
  1925 | D:3      | Noticed Natasha
  1931 | D:3      | Killed Natasha
  1931 | D:3      | Reached skill level 6 in Unarmed Combat
  2219 | D:4      | Found a staircase to the Ecumenical Temple.
  2239 | Temple   | Entered the Ecumenical Temple
  2242 | Temple   | Reached XP level 6. HP: 25/59 MP: 1/5
  2255 | Temple   | HP: 2/59 [orc wizard/puff of flame (3)]
  2612 | D:4      | Reached skill level 7 in Unarmed Combat
  2625 | D:4      | Found an ancient bone altar of Kikubaaqudgha.
  2863 | D:4      | Reached skill level 8 in Unarmed Combat
  2863 | D:4      | Reached XP level 7. HP: 66/66 MP: 6/6
  3061 | D:5      | Entered Level 5 of the Dungeon
  3257 | D:5      | Noticed Eustachio
  3362 | D:5      | Killed Eustachio
  3517 | D:5      | Reached XP level 8. HP: 75/75 MP: 7/7
  4093 | D:6      | Reached skill level 9 in Unarmed Combat
  4099 | D:6      | Noticed Prince Ribbit
  4127 | D:6      | Found a glowing golden altar of the Shining One.
  4134 | D:6      | Killed Prince Ribbit
  4183 | D:6      | Found an opulent altar of Gozag.
  4192 | D:6      | Found an ancient bone altar of Kikubaaqudgha.
  4440 | D:6      | Found a bloodstained altar of Trog.
  4594 | D:6      | Found a hide-covered altar of Uskayaw.
  4609 | D:6      | Found a white marble altar of Elyvilon.
  4673 | D:7      | Reached skill level 5 in Fighting
  4696 | D:7      | Found Eqoth's Book Shoppe.
  4734 | D:7      | Reached XP level 9. HP: 87/88 MP: 8/8
  4751 | D:7      | Reached skill level 5 in Dodging
  4755 | D:7      | Found a shimmering altar of Xom.
  4891 | D:7      | Reached skill level 10 in Unarmed Combat
  5010 | D:7      | Found a hazy altar of Hepliaklqana.
  5013 | D:7      | Found a deep blue altar of Sif Muna.
  5016 | D:7      | Found a shattered altar of Ashenzari.
  5162 | D:7      | Found a shimmering altar of Xom.
  5556 | D:7      | HP: 2/89 [orc warrior/scimitar (9)]
  5813 | D:7      | Reached XP level 10. HP: 100/100 MP: 9/9
  6383 | D:8      | Noticed a cyclops
  6394 | D:8      | Killed a cyclops
  6394 | D:8      | Reached skill level 11 in Unarmed Combat
  7522 | D:9      | Learned a level 6 spell: Statue Form
  7792 | D:10     | Entered Level 10 of the Dungeon
  7792 | D:10     | Noticed Maurice
  7794 | D:10     | Noticed theAP's ghost (novice DECj)
  7825 | D:9      | Paralysed by a hornet for 3 turns
  7832 | D:9      | Reached skill level 1 in Earth Magic
  7944 | D:10     | Killed theAP's ghost
  8040 | D:10     | Found a shimmering altar of Xom.
  8065 | D:10     | Killed Maurice
  8065 | D:10     | Reached XP level 11. HP: 102/109 MP: 8/10
  8234 | D:9      | Gained mutation: You have large cloven feet. [potion of mutation]
  8234 | D:9      | Gained mutation: Your system is resistant to poisons. (rPois) [potion of mutation]
  8309 | D:9      | Reached skill level 12 in Unarmed Combat
  8404 | D:10     | Noticed Josephine
  8461 | D:9      | HP: 3/109 [wraith[Josephine] (8)]
  8463 | D:9      | Slain by a wraith

Skill      XL: |  1  2  3  4  5  6  7  8  9 10 11 |
---------------+----------------------------------+-----
Unarmed Combat | 4 5 6 8 9 10 11 12 | 12.0
Fighting       | 3 5 6 7 |  7.5
Dodging        | 3 4 6 7 |  7.5
Earth Magic    | 2 3 |  3.6
Stealth        | |  1.0

Action                   |  1- 3 |  4- 6 |  7- 9 | 10-12 || total
-------------------------+-------+-------+-------+-------++-------
Melee: Unarmed           |    85 |   158 |   391 |   241 ||   875
       Punch             |     3 |     3 |    12 |    19 ||    37
       Kick              |       |       |       |    12 ||    12
  Use: Scroll            |     5 |     1 |     1 |    10 ||    17
       Potion            |       |     7 |     3 |     3 ||    13
 Stab: Sleeping          |     2 |     2 |     1 |     1 ||     6
       Distracted        |       |       |     1 |       ||     1
  Eat: Chunk             |    13 |    19 |    21 |    36 ||    89
Armor: Robe              |    29 |    85 |   181 |    64 ||   359
       Skin              |       |     9 |       |       ||     9
Dodge: Dodged            |    35 |    90 |   260 |   154 ||   539
